 Dungeon Crawl Stone Soup version 0.21.1-1-g345015f (webtiles) character file.

6995 chorionicmirror the Blocker (level 10, -5/81 HPs)
             Began as a Demonspawn Fighter on June 23, 2018.
             Was a High Priest of Cheibriados.
             Slain by a death yak (25 damage)
             ... on level 10 of the Dungeon.
             The game lasted 00:35:27 (9140 turns).

chorionicmirror the Blocker (Demonspawn Fighter)    Turns: 9140, Time: 00:35:27

Health: -5/81      AC:  7    Str: 36    XL:     10   Next: 82%
Magic:  13/13      EV: 13    Int: 20    God:    Cheibriados [*****.]
Gold:   585        SH: 15    Dex: 24    Spells: 9/9 levels left

rFire    + . .     SeeInvis .   a - +5 scimitar
rCold    . . .     Gourm    .   c - +1 shield
rNeg     . . .     Faith    .   D - +0 ring mail {rF+}
rPois    .         Spirit   .   (helmet restricted)
rElec    .         Reflect  .   C - scarf {repulsion}
rCorr    .         Harm     +   (no gloves)
MR       +....                  (no boots)
Stlth    +++.......             d - amulet of harm
HPRegen  0.23/turn              j - +4 ring of slaying
MPRegen  0.13/turn              B - ring of protection from magic

@: mighty, repel missiles, very slow
A: antennae 2, rugged brown scales 1, nightstalker 1, powered by death 2
a: Bend Time, Temporal Distortion, Slouch, Step From Time, Renounce Religion


You were on level 10 of the Dungeon.
You worshipped Cheibriados.
Cheibriados was extremely pleased with you.
You were not hungry.

You visited 1 branch of the dungeon, and saw 10 of its levels.
You also visited: Ossuary.

You collected 585 gold pieces.

Inventory:

Hand Weapons
 a - a +5 scimitar (weapon)
 b - a +4 morningstar
Missiles
 J - 15 bolts
Armour
 c - a +1 shield (worn)
 C - a scarf of repulsion (worn)
 D - a +0 ring mail of fire resistance (worn)
 F - a +3 leather armour
Jewellery
 d - an amulet of harm (around neck)
 j - a +4 ring of slaying (left hand)
 p - an uncursed ring of resist corrosion
 q - an uncursed ring of protection from cold
 B - a ring of protection from magic (right hand)
Wands
 o - a wand of digging (16)
 s - a wand of paralysis (34)
 w - a wand of iceblast (6)
 y - a wand of acid (11)
 E - a wand of disintegration (10)
Scrolls
 e - 2 scrolls of magic mapping
 g - 3 scrolls of remove curse
 i - 2 scrolls of amnesia
 l - 7 scrolls of identify
 t - 5 scrolls of noise
 u - 3 scrolls of enchant armour
 v - 3 scrolls of teleportation
 A - a scroll of enchant weapon
 G - a scroll of fog
 H - a scroll of summoning {unknown}
 I - a scroll of immolation
 N - a scroll of blinking
Potions
 f - 2 potions of flight
 h - 3 potions of magic
 m - 3 potions of curing
 n - a potion of berserk rage
 M - a potion of resistance
Books
 r - a book of Minor Magic

   Spells                             Type                      Level
   a - Magic Dart                     Conjuration                  1
   b - Blink                          Translocation                2
   c - Call Imp                       Summoning                    2
   d - Slow                           Hexes                        2
   e - Conjure Flame                  Conjuration/Fire             3
   f - Mephitic Cloud                 Conjuration/Poison/Air       3
 x - a book of Cantrips

   Spells                             Type                      Level
   a - Confusing Touch                Hexes                        1
   b - Animate Skeleton               Necromancy                   1
   c - Summon Small Mammal            Summoning                    1
   d - Apportation                    Translocation                1
Comestibles
 k - 12 rations
 z - 6 chunks of flesh


   Skills:
 + Level 7.1 Fighting
 * Level 8.6 Long Blades
 - Level 5.0 Armour
 + Level 4.0 Dodging
 - Level 2.1 Stealth
 * Level 8.8 Shields
 - Level 5.2 Invocations
 - Level 2.0 Evocations


You had 9 spell levels left.
You didn't know any spells.

Dungeon Overview and Level Annotations

Branches:
Dungeon (10/15)            Temple (0/1) D:7
   Lair: D:8-11         Orc: D:9-12

Altars:
Cheibriados
Dithmenos
Qazlal


Innate Abilities, Weirdness & Mutations

You have a pair of antennae on your head.
You are partially covered in rugged brown scales. (AC +1, +3% HP)
You are slightly more attuned to the shadows.
You regenerate health from kills.


Message History

The death yak gores you!
You feel much better. You block the death yak's attack.
A death yak comes into view.
You feel very mighty all of a sudden. The death yak gores you!!
* * * LOW HITPOINT WARNING * * *
The death yak bellows!
Okay, then.
Evoke which item? (* to show all) (? for menu, Esc to quit)
Aiming: Iceblast
Press: ? - help, Shift-Dir - straight line, f - porcupine
Aim: a porcupine
Okay, then.
Evoke which item? (* to show all) (? for menu, Esc to quit)
Aiming: Disintegrate
Press: ? - help, Shift-Dir - straight line, f - death yak
Aim: a death yak (heavily wounded, chance to defeat MR: 12%)
The death yak resists with almost no effort.
The death yak gores you!!
You die...

##########.....#
##..........._..#
##)########.....#
).)..# #.....#
.###.########..##
.# ..........##
.# .########.# ..
#.######### ##
#####rrY@..>...
#.....Y#######.
#.##.rr# #.(rY..#
.r.....#.#
r......#.#
r......#..
.........##
........


You could see 3 death yaks, a hell rat, 2 porcupines and a river rat.

Vanquished Creatures
  A two-headed ogre (D:9)
  Joseph (D:7)
  A gargoyle (D:10)
  Grinder (D:3)
  A hippogriff (D:7)
  5 yaks (D:9)
  The ghost of Exporg the Poker, an amateur MiGl (D:3)
  A water moccasin (D:10)
  6 orc warriors
  2 ice beasts
  3 ogres
  2 phantoms (D:6)
  4 centaurs
  An elf zombie (Ossuary)
  A big kobold (D:9)
  A bullfrog (D:9)
  3 scorpions
  A wyvern skeleton (D:10)
  6 wights
  3 killer bees (D:9)
  5 howler monkeys
  2 crimson imps
  2 centaur zombies
  A bullfrog zombie (D:10)
  2 hounds
  9 orc priests
  2 centaur skeletons
  3 human zombies (Ossuary)
  Crazy Yiuf (D:7)
  A bullfrog skeleton (D:4)
  A jelly (D:7)
  10 orc wizards
  2 gnoll shamans
  5 iguanas
  Ijyb (D:3)
  Terence (D:3)
  5 worker ants
  A big kobold zombie (Ossuary)
  2 hound skeletons
  2 mummies (Ossuary)
  A worker ant zombie (D:6)
  12 gnolls
  14 adders
  2 shadow imps
  An ooze (D:2)
  3 adder zombies
  An adder skeleton (D:9)
  8 worms
  2 dart slugs (D:1)
  4 leopard geckos
  31 orcs
  9 bats
  2 giant cockroaches (D:2)
  17 goblins
  8 hobgoblins
  24 jackals
  4 quokkas
  A ball python (D:1)
  A ball python skeleton (D:4)
  9 frilled lizards
  A goblin zombie (Ossuary)
  7 hobgoblin zombies (Ossuary)
  2 jackal zombies (Ossuary)
  9 kobolds
  8 kobold zombies (Ossuary)
  A leopard gecko skeleton (D:4)
  A leopard gecko zombie (D:7)
  10 orc zombies (Ossuary)
  7 rats
  2 rat zombies (Ossuary)
305 creatures vanquished.

Notes
Turn   | Place    | Note
-------+----------+-------------------------------------------
     0 | D:1      | chorionicmirror the Demonspawn Fighter began the quest for the Orb.
     0 | D:1      | Reached XP level 1. HP: 18/18 MP: 1/1
    69 | D:1      | Gained mutation: You are slightly more attuned to the shadows. [demonic ancestry]
    69 | D:1      | Reached XP level 2. HP: 24/24 MP: 2/2
   499 | D:1      | Gained mutation: You regenerate a little health from kills. [demonic ancestry]
   499 | D:1      | Reached XP level 3. HP: 29/29 MP: 3/3
  1157 | D:2      | Reached XP level 4. HP: 20/35 MP: 4/4
  1325 | D:2      | Reached skill level 1 in Stealth
  1985 | D:2      | Reached XP level 5. HP: 41/41 MP: 5/5
  2100 | D:3      | Noticed Terence
  2111 | D:3      | Killed Terence
  2111 | D:3      | Reached skill level 1 in Dodging
  2260 | D:3      | Noticed Grinder
  2266 | D:3      | Paralysed by Grinder for 3 turns
  2281 | D:3      | Killed Grinder
  2281 | D:3      | Gained mutation: You have a pair of small antennae on your head. [demonic ancestry]
  2281 | D:3      | Reached XP level 6. HP: 41/48 MP: 6/6
  2323 | D:3      | Noticed Exporg's ghost (amateur MiGl)
  2339 | D:3      | Killed Exporg's ghost
  2339 | D:3      | Reached XP level 7. HP: 44/53 MP: 7/7
  2701 | D:3      | Noticed Ijyb
  2709 | D:3      | Killed Ijyb
  3212 | D:4      | Reached skill level 1 in Evocations
  3341 | D:4      | Reached skill level 5 in Shields
  3639 | D:5      | Entered Level 5 of the Dungeon
  3746 | D:5      | Found a snail-covered altar of Cheibriados.
  3754 | D:5      | Gained mutation: You have a pair of antennae on your head. [demonic ancestry]
  3754 | D:5      | Reached XP level 8. HP: 61/61 MP: 9/9
  3767 | D:5      | Became a worshipper of Cheibriados the Contemplative
  4539 | D:6      | Found a sand-covered staircase.
  4544 | Ossuary  | Entered an ossuary
  4578 | Ossuary  | Reached * piety under Cheibriados
  4618 | Ossuary  | Reached skill level 5 in Long Blades
  4729 | Ossuary  | Reached ** piety under Cheibriados
  4809 | D:6      | Reached skill level 5 in Fighting
  4852 | D:6      | Found a shadowy altar of Dithmenos.
  5655 | D:7      | Reached skill level 1 in Invocations
  5825 | D:7      | Found a staircase to the Ecumenical Temple.
  5832 | D:7      | Noticed Joseph
  5848 | D:7      | Killed Joseph
  5848 | D:7      | Gained mutation: You regenerate health from kills. [demonic ancestry]
  5848 | D:7      | Reached XP level 9. HP: 21/68 MP: 10/10
  6328 | D:7      | Reached skill level 5 in Armour
  6793 | D:7      | Found a runed door.
  6797 | D:7      | Noticed Crazy Yiuf
  6801 | D:7      | Killed Crazy Yiuf
  6962 | D:8      | Reached *** piety under Cheibriados
  7698 | D:9      | Reached **** piety under Cheibriados
  7815 | D:9      | Gained mutation: You are partially covered in rugged brown scales. (AC +1, +3% HP) [demonic ancestry]
  7815 | D:9      | Reached XP level 10. HP: 51/78 MP: 13/13
  8214 | D:9      | Was placed under penance by Cheibriados
  8215 | D:9      | Was forgiven by Cheibriados
  8264 | D:9      | Noticed a two-headed ogre
  8270 | D:9      | Killed a two-headed ogre
  8270 | D:9      | Reached skill level 5 in Invocations
  8696 | D:10     | Entered Level 10 of the Dungeon
  8794 | D:10     | Reached ***** piety under Cheibriados
  8812 | D:10     | Noticed a gargoyle
  8825 | D:10     | Killed a gargoyle
  9110 | D:10     | Found a stormy altar of Qazlal.
  9127 | D:10     | Noticed a death yak
  9133 | D:10     | Noticed a death yak
  9139 | D:10     | Noticed a death yak
  9140 | D:10     | Slain by a death yak

Skill      XL: |  1  2  3  4  5  6  7  8  9 10 |
---------------+-------------------------------+-----
Long Blades    | 2 3 4 6 7 8 |  8.6
Shields        | 3 4 5 6 7 8 |  8.8
Stealth        | 1 2 |  2.1
Armour         | 3 4 5 |  5.0
Dodging        | 1 2 4 |  4.0
Fighting       | 4 5 6 7 |  7.1
Evocations     | 1 2 |  2.0
Invocations    | 1 4 5 |  5.2

Action                   |  1- 3 |  4- 6 |  7- 9 | 10-12 || total
-------------------------+-------+-------+-------+-------++-------
Melee: Long sword        |   139 |   103 |   413 |    27 ||   682
       Scimitar          |       |       |    55 |    91 ||   146
Invok: Bend Time         |       |       |       |     1 ||     1
Evoke: Wand              |       |       |       |     2 ||     2
  Use: Scroll            |     6 |     1 |    11 |     3 ||    21
       Potion            |     2 |     2 |     2 |     5 ||    11
 Stab: Sleeping          |     1 |       |     6 |       ||     7
       Paralysed         |       |       |       |     2 ||     2
       Distracted        |       |       |       |     1 ||     1
  Eat: Chunk             |     1 |     2 |     5 |     3 ||    11
       Ration            |       |     1 |     2 |       ||     3
Armor: Scale mail        |   101 |    48 |    88 |       ||   237
       Ring mail         |       |       |    16 |    13 ||    29
       Leather armour    |       |       |     3 |       ||     3
       Skin              |       |       |       |     6 ||     6
Dodge: Dodged            |    88 |    30 |   136 |    28 ||   282
Block: Shield            |   111 |    62 |   328 |    79 ||   580
       Rpst.: Long sword |    24 |    14 |    29 |       ||    67
       Scimitar          |       |       |     6 |    10 ||    16
